 Dungeon Crawl Stone Soup version 0.25-a0-1136-gc1285e62ab (webtiles) character file.

Game seed: 1775302935574880945, levelgen mode: deterministic

25 Nixze the Twirler (level 2, -1/23 HPs)
             Began as a Demonspawn Gladiator on May 23, 2020.
             Was an Initiate of Okawaru.
             Slain by a gnoll
             ... wielding a +0 halberd
              (10 damage)
             ... on level 2 of the Dungeon.
             The game lasted 00:01:37 (1088 turns).

Nixze the Twirler (Demonspawn Gladiator)            Turns: 1088, Time: 00:01:38

Health: -1/23      AC:  7    Str: 14    XL:     2   Next: 82%
Magic:  2/2        EV: 12    Int:  9    God:    Okawaru [......]
Gold:   62         SH:  0    Dex: 14    Spells: 1/1 levels left

rFire    . . .     SeeInvis .   a - +0 quarterstaff
rCold    . . .     Gourm    .   (shield currently unavailable)
rNeg     . . .     Faith    .   b - +0 leather armour
rPois    .         Spirit   .   c - +0 helmet
rElec    .         Reflect  .   (no cloak)
rCorr    .         Harm     .   j - +0 pair of gloves
MR       .....                  (no boots)
Stlth    +.........             (no amulet)
HPRegen  0.07/turn              (no ring)
MPRegen  0.08/turn              (no ring)

@: no status effects
A: iridescent scales 1
a: Renounce Religion


You were on level 2 of the Dungeon.
You worshipped Okawaru.
Okawaru was noncommittal.
You were not hungry.

You visited 1 branch of the dungeon, and saw 2 of its levels.

You collected 62 gold pieces.

Inventory:

Hand Weapons
 a - a +0 quarterstaff (weapon)
Missiles
 d - 3 throwing nets (quivered)
Armour
 b - a +0 leather armour (worn)
 c - a +0 helmet (worn)
 j - a +0 pair of gloves (worn)
Jewellery
 n - a +4 ring of evasion {unknown}
 p - a cursed amulet of inaccuracy {unknown}
Scrolls
 e - 2 scrolls of teleportation {unknown}
 g - 2 scrolls of amnesia {unknown}
 i - 2 scrolls of identify {unknown}
 m - a scroll of remove curse {unknown}
 q - a scroll of blinking {unknown}
 r - a scroll of magic mapping {unknown}
 t - 2 scrolls of enchant armour {unknown}
Potions
 h - a potion of curing {unknown}
 k - a potion of flight {unknown}
 o - 2 potions of might {unknown}
 s - 3 potions of lignification {unknown}
Comestibles
 f - 7 rations
 l - 10 chunks of flesh


   Skills:
 + Level 2.3 Fighting
 * Level 3.2 Staves
 - Level 1.7 Throwing
 + Level 0.9 Armour
 - Level 2.6 Dodging


You had one spell level left.
You didn't know any spells.
Your spell library was empty.

Dungeon Overview and Level Annotations

Branches:
Dungeon (2/15)

Altars:
Elyvilon
Okawaru
Trog

Annotations:
D:2 Terence


Innate Abilities, Weirdness & Mutations

You are partially covered in iridescent scales. (AC +2)


Message History

There is an open door here.
You closely miss the gnoll. The gnoll closely misses you.
You hit the gnoll.
The gnoll is lightly wounded.
The gnoll closely misses you.
You closely miss the gnoll.
The gnoll is lightly wounded.
The gnoll hits you but does no damage.
You hit the gnoll.
The gnoll is moderately wounded.
The gnoll hits you with a +0 halberd!
You closely miss the gnoll.
The gnoll is moderately wounded.
The gnoll misses you.
You hit the gnoll.
The gnoll is heavily wounded.
You barely miss the gnoll.
The gnoll is heavily wounded.
The gnoll hits you with a +0 halberd!
You die...

#.............# ##_##
.#...##+.#.#..# ###
#............#
##......#.#..#
#...........#
#.......###.#
#########.### #.# .
........#.# #.# .%.
#.....#@#####.#
@....####....Kg.......#
#...'.............#
......###.......)....##
# #.#.#
####.........##.# #
#............#
#.........####
#..#.........#
#..#########.#


You could see a gnoll and a kobold.

Vanquished Creatures
  A leopard gecko (D:1)
  2 ball pythons
  3 bats
  A giant cockroach (D:2)
  3 goblins
  2 hobgoblins
  4 jackals (D:2)
  3 kobolds
  A frilled lizard (D:1)
20 creatures vanquished.

Notes
Turn   | Place    | Note
-------+----------+-------------------------------------------
     0 | D:1      | Nixze the Demonspawn Gladiator began the quest for the Orb.
     0 | D:1      | Reached XP level 1. HP: 16/16 MP: 1/1
   332 | D:1      | Reached skill level 3 in Staves
   423 | D:1      | Gained mutation: You are partially covered in iridescent
                  | scales. (AC +2) [demonic ancestry]
   423 | D:1      | Reached XP level 2. HP: 22/22 MP: 2/2
  1003 | D:2      | Found a bloodstained altar of Trog.
  1006 | D:2      | Found a white marble altar of Elyvilon.
  1009 | D:2      | Found an iron altar of Okawaru.
  1013 | D:2      | Became a worshipper of Warmaster Okawaru
  1068 | D:2      | Noticed Terence
  1088 | D:2      | Slain by a gnoll

Illustrated notes

Levels and vault maps discovered:
D:1:      dpeg_arrival_concentric_ovals, layout_loops_ring, serial_bayou,
          serial_bayou_crossing, serial_bayou_shore_b, serial_bayou_lagoon_a,
          serial_bayou_shore_b
D:2:      layout_basic, grunt_temple_overflow_diamond, serial_glass,
          glass_columns_a, glass_columns_a, glass_columns_a, glass_columns_b,
          st_stairs_4, uniq_terence

Skill      XL: |  1 |
---------------+----+-----
Staves         | 3 |  3.2
Fighting       | |  2.3
Throwing       | |  1.7
Armour         | |  0.9
Dodging        | |  2.6

Action                   || total
-------------------------++-------
Melee: Quarterstaff      ||    68
  Eat: Chunk             ||     1
Armor: Leather armour    ||    23
Dodge: Dodged            ||    55

Table legend:
 A = Non-vault XP
 B = Vault XP
 C = Vault XP percentage of total XP
 D = Non-vault monster count
 E = Vault monster count
 F = Vault count percentage of total count
                 A         B        C        D         E       F
            +---------+---------+-------+---------+---------+-------
      Total |      36 |       0 |   0.0 |      20 |       0 |   0.0
            +---------+---------+-------+---------+---------+-------
        D:1 |      17 |       0 |   0.0 |       9 |       0 |   0.0
        D:2 |      19 |       0 |   0.0 |      11 |       0 |   0.0
            +---------+---------+-------+---------+---------+-------
